Workbook
Name ren_cac: Rendimiento!$B$61:$S$61
Name ren_clientes_break_even: Rendimiento!$B$65:$S$65
Name ren_good_clients: Rendimiento!$B$17:$S$17
Name ren_arpu: Rendimiento!$B$55:$S$55
Name irpf_tipos: Rangos!$B$5:$K$5
Name ren_coste_variable_por_cliente: Rendimiento!$B$54:$S$54
Name ren_margen_contribucion_porcentaje: Rendimiento!$B$57:$S$57
Name ren_payback: Rendimiento!$B$62:$S$62
Name ren_margen_contribucion: Rendimiento!$B$56:$S$56
Name ren_beneficio_neto: Rendimiento!$B$51:$S$51
Name ren_numero_clientes: Rendimiento!$B$2:$S$2
Name ren_ingreso_neto: Rendimiento!$B$41:$S$41
Name ren_margen_neto_despues_impuestos_porcentaje: Rendimiento!$B$52:$S$52
Name ren_ebitda: Rendimiento!$B$43:$S$43
Name Numero_Clientes: Rangos!$B$1:$S$1
Name ren_mrr: Rendimiento!$B$58:$S$58
Name ren_coste_variable_sms_neto: Rendimiento!$B$35:$S$35
Name costes_netos: Rendimiento!$B$42:$S$42
Name ren_cogs_neto: Rendimiento!$B$44:$S$44
Name irpf_limites: Rangos!$B$4:$K$4
Name ren_customer_adquisition: Rendimiento!$B$60:$S$60
Name ren_coste_fijo_neto: Rendimiento!$B$12
Name ren_best_clients: Rendimiento!$B$19:$S$19
Name ren_ltv_por_cac: Rendimiento!$B$64:$S$64
Name ren_margen_neto_porcentaje: Rendimiento!$B$45:$S$45
Name ren_better_clients: Rendimiento!$B$18:$S$18
Name ren_faltan_clientes_break_even: Rendimiento!$B$66:$S$66
Name ren_coste_variable_neto: Rendimiento!$B$37:$S$37
Name ren_arr: Rendimiento!$B$59:$S$59
Name ren_ltv: Rendimiento!$B$63:$S$63
Name MARGEN_CONTRIBUCION_PORCENTAJE: LAMBDA(margen_contribucion, arpu, margen_contribucion/arpu)
Name ARPU: LAMBDA(ingreso_neto, total_numero_clientes, ingreso_neto/total_numero_clientes)
Name CAC: LAMBDA(coste_adquisicion_cliente, numero_clientes, coste_adquisicion_cliente/numero_clientes)
Name MARGEN_CONTRIBUCION: LAMBDA(coste_variable_por_cliente, arpu, arpu-coste_variable_por_cliente)
Name MYCOLUMNS: LAMBDA(rango, SEQUENCE(1, COLUMNS(rango), COLUMN(rango), 1))
Name COSTO_VARIABLE_DE_INGRESO: LAMBDA(importe, total_porcentajes, (importe * total_porcentajes)/ 100)
Name POR_NUMERO_CLIENTES: LAMBDA(lambda, MAP(MYCOLUMNS(Numero_Clientes), lambda))
Name PAYBACK: LAMBDA(cac, margen_contribucion, churn_rate, (cac/margen_contribucion)*(1-churn_rate))
Name COSTE_VARIABLE_POR_TRANSACCION: LAMBDA(numero_de_transacciones, importe_por_transaccion, numero_de_transacciones * importe_por_transaccion)
Name MARGEN_NETO_PORCENTAGE: LAMBDA(ebitda, ingreso_neto, ebitda/ingreso_neto)
Name EBITDA: LAMBDA(ingreso_bruto, coste_bruto, ingreso_bruto-coste_bruto)
Name IVA: LAMBDA(bruto, bruto - (bruto / 1.21))
Name CLIENTES_BREAK_EVEN: LAMBDA(numero_clientes, margen_contribucion, numero_clientes/margen_contribucion)
Name MICELDA: LAMBDA(fila, columna, INDIRECT(ADDRESS(fila, columna, 4)))
Name NETO: LAMBDA(importe, iva, importe/1.21)
Name COSTE_VARIABLE_PARA_CUSTOMER_ADQUISITION: LAMBDA(ingreso_bruto, porcentaje_invertido, ingreso_bruto * porcentaje_invertido%)
Name FALTAN_PARA_BREAK_EVEN: LAMBDA(clientes_break_even, total_clientes, MAX(0,clientes_break_even-total_clientes))
Name COSTE_VARIABLE_POR_SMS: LAMBDA(numero_de_sms, coste_sms, coste_sms * numero_de_sms)
Name LTV_POR_CAC: LAMBDA(ltv, cac, ltv/cac)
Name IVA_A_PAGAR: LAMBDA(repercutido, soportado, repercutido - soportado)
Name POR_NAMED_RANGE: LAMBDA(named_range, lambda, MAP(MYCOLUMNS(named_range), lambda))
Name COSTE_VARIABLE_POR_CLIENTE: LAMBDA(coste_variable_neto, numero_clientes, coste_variable_neto/numero_clientes)
Name LTV: LAMBDA(margen_contribucion, permanencia_media_cliente, margen_contribucion*permanencia_media_cliente)
Name MRR: LAMBDA(ingreso_neto, churn_rate, ingreso_neto - (ingreso_neto*churn_rate%))

Sheet Rendimiento
A1: ## INPUTS
A2: Numero de clientes | B2: {=Numero_Clientes} -> 10 | C2: 25 | D2: 50 | E2: 80 | F2: 120 | G2: 170 | H2: 230 | I2: 300 | J2: 380 | K2: 470 | L2: 600 | M2: 750 | N2: 900 | O2: 1000 | P2: 1200 | Q2: 1500 | R2: 2000 | S2: 3000
A3: Good plan precio | B3: 16
A4: Better plan precio | B4: 44
A5: Best plan precio | B5: 99
A6: Good plan numero de mensajes | B6: =4*20 -> 80 | C6: Good plan precio | D6: =B3/B6 -> 0.2
A7: Better plan numero de mensajes | B7: =15*20 -> 300 | C7: Better plan precio | D7: =B4/B7 -> 0.14666667
A8: Best plan numero de mensajes | B8: =60*20 -> 1200 | C8: Best plan precio | D8: =B5/B8 -> 0.0825
A9: Distribucion good | B9: 35
A10: Distribucion better | B10: 50
A11: Distribucion best | B11: 15
A12: Total Costes Fijos Neto | B12: =POR_NUMERO_CLIENTES(LAMBDA(col, NETO(Costes_Fijos!B20, 21))) -> 3912.4311 | C12: 3912.4311 | D12: 3912.4311 | E12: 3912.4311 | F12: 3912.4311 | G12: 3912.4311 | H12: 3912.4311 | I12: 3912.4311 | J12: 3912.4311 | K12: 3912.4311 | L12: 3912.4311 | M12: 3912.4311 | N12: 3912.4311 | O12: 3912.4311 | P12: 3912.4311 | Q12: 3912.4311 | R12: 3912.4311 | S12: 3912.4311
A13: Customer stay duration | B13: 12 | C13: meses | D13: Churn rate | E13: 0.05 | F13: %
A15: ## OUTPUTS
A16: 📊 CLIENTES POR TIER
A17: Good Clients | B17: {=ROUND(Numero_Clientes*$B9%,0)} -> 4 | C17: 9 | D17: 18 | E17: 28 | F17: 42 | G17: 60 | H17: 81 | I17: 105 | J17: 133 | K17: 165 | L17: 210 | M17: 263 | N17: 315 | O17: 350 | P17: 420 | Q17: 525 | R17: 700 | S17: 1050
A18: Better Clients | B18: {=ROUND(Numero_Clientes*$B10%,0)} -> 5 | C18: 13 | D18: 25 | E18: 40 | F18: 60 | G18: 85 | H18: 115 | I18: 150 | J18: 190 | K18: 235 | L18: 300 | M18: 375 | N18: 450 | O18: 500 | P18: 600 | Q18: 750 | R18: 1000 | S18: 1500
A19: Best Clients | B19: {=ROUND(Numero_Clientes*$B11%,0)} -> 2 | C19: 4 | D19: 8 | E19: 12 | F19: 18 | G19: 26 | H19: 35 | I19: 45 | J19: 57 | K19: 71 | L19: 90 | M19: 113 | N19: 135 | O19: 150 | P19: 180 | Q19: 225 | R19: 300 | S19: 450
A20: Total Clients | B20: {=POR_NUMERO_CLIENTES(LAMBDA(col, SUM(INDEX($17:$19,,col))))} -> 11 | C20: 26 | D20: 51 | E20: 80 | F20: 120 | G20: 171 | H20: 231 | I20: 300 | J20: 380 | K20: 471 | L20: 600 | M20: 751 | N20: 900 | O20: 1000 | P20: 1200 | Q20: 1500 | R20: 2000 | S20: 3000
A21: 💰 INGRESOS MENSUALES
A22: Good Bruto | B22: =POR_NUMERO_CLIENTES(LAMBDA(col, MICELDA(17,col)* $B$3)) -> 64 | C22: 144 | D22: 288 | E22: 448 | F22: 672 | G22: 960 | H22: 1296 | I22: 1680 | J22: 2128 | K22: 2640 | L22: 3360 | M22: 4208 | N22: 5040 | O22: 5600 | P22: 6720 | Q22: 8400 | R22: 11200 | S22: 16800
A23: Better Bruto | B23: =POR_NUMERO_CLIENTES(LAMBDA(col, MICELDA(18,col)* $B$4)) -> 220 | C23: 572 | D23: 1100 | E23: 1760 | F23: 2640 | G23: 3740 | H23: 5060 | I23: 6600 | J23: 8360 | K23: 10340 | L23: 13200 | M23: 16500 | N23: 19800 | O23: 22000 | P23: 26400 | Q23: 33000 | R23: 44000 | S23: 66000
A24: Best Bruto | B24: =POR_NUMERO_CLIENTES(LAMBDA(col, MICELDA(19,col)* $B$5)) -> 198 | C24: 396 | D24: 792 | E24: 1188 | F24: 1782 | G24: 2574 | H24: 3465 | I24: 4455 | J24: 5643 | K24: 7029 | L24: 8910 | M24: 11187 | N24: 13365 | O24: 14850 | P24: 17820 | Q24: 22275 | R24: 29700 | S24: 44550
A25: Total Ingreso Bruto | B25: {=POR_NUMERO_CLIENTES(LAMBDA(col, SUM(INDEX($22:$24,,col))))} -> 482 | C25: 1112 | D25: 2180 | E25: 3396 | F25: 5094 | G25: 7274 | H25: 9821 | I25: 12735 | J25: 16131 | K25: 20009 | L25: 25470 | M25: 31895 | N25: 38205 | O25: 42450 | P25: 50940 | Q25: 63675 | R25: 84900 | S25: 127350
A26: Total Ingreso Neto | B26: =POR_NUMERO_CLIENTES( LAMBDA(col, NETO(MICELDA(25, col) , 21))) -> 398.34711 | C26: 919.00826 | D26: 1801.6529 | E26: 2806.6116 | F26: 4209.9174 | G26: 6011.5702 | H26: 8116.5289 | I26: 10524.793 | J26: 13331.405 | K26: 16536.364 | L26: 21049.587 | M26: 26359.504 | N26: 31574.38 | O26: 35082.645 | P26: 42099.174 | Q26: 52623.967 | R26: 70165.289 | S26: 105247.93
A27: 📈 DATOS PARA COSTES VARIABLES
A28: Good SMS | B28: =POR_NUMERO_CLIENTES(LAMBDA(col, MICELDA(17,col)* $B$6)) -> 320 | C28: 720 | D28: 1440 | E28: 2240 | F28: 3360 | G28: 4800 | H28: 6480 | I28: 8400 | J28: 10640 | K28: 13200 | L28: 16800 | M28: 21040 | N28: 25200 | O28: 28000 | P28: 33600 | Q28: 42000 | R28: 56000 | S28: 84000
A29: Better SMS | B29: =POR_NUMERO_CLIENTES(LAMBDA(col, MICELDA(18,col)* $B$7)) -> 1500 | C29: 3900 | D29: 7500 | E29: 12000 | F29: 18000 | G29: 25500 | H29: 34500 | I29: 45000 | J29: 57000 | K29: 70500 | L29: 90000 | M29: 112500 | N29: 135000 | O29: 150000 | P29: 180000 | Q29: 225000 | R29: 300000 | S29: 450000
A30: Best SMS | B30: =POR_NUMERO_CLIENTES(LAMBDA(col, MICELDA(19,col)* $B$8)) -> 2400 | C30: 4800 | D30: 9600 | E30: 14400 | F30: 21600 | G30: 31200 | H30: 42000 | I30: 54000 | J30: 68400 | K30: 85200 | L30: 108000 | M30: 135600 | N30: 162000 | O30: 180000 | P30: 216000 | Q30: 270000 | R30: 360000 | S30: 540000
A31: Total SMS | B31: {=POR_NUMERO_CLIENTES(LAMBDA(col, SUM(INDEX($28:$30,,col))))} -> 4220 | C31: 9420 | D31: 18540 | E31: 28640 | F31: 42960 | G31: 61500 | H31: 82980 | I31: 107400 | J31: 136040 | K31: 168900 | L31: 214800 | M31: 269140 | N31: 322200 | O31: 358000 | P31: 429600 | Q31: 537000 | R31: 716000 | S31: 1074000
A32: 📈 COSTES VARIABLES
A33: Dependiente de ingreso neto | B33: =POR_NUMERO_CLIENTES(LAMBDA(col, COSTO_VARIABLE_DE_INGRESO(MICELDA(26, col), Costes_Variables!B10))) -> 113.52893 | C33: 261.91736 | D33: 513.47107 | E33: 799.8843 | F33: 1199.8264 | G33: 1713.2975 | H33: 2313.2107 | I33: 2999.5661 | J33: 3799.4504 | K33: 4712.8636 | L33: 5999.1322 | M33: 7512.4587 | N33: 8998.6983 | O33: 9998.5537 | P33: 11998.264 | Q33: 14997.831 | R33: 19997.107 | S33: 29995.661
A34: Por transaccion | B34: =POR_NUMERO_CLIENTES(LAMBDA(col, COSTE_VARIABLE_POR_TRANSACCION(MICELDA(20, col), Costes_Variables!B13))) -> 2.75 | C34: 6.5 | D34: 12.75 | E34: 20 | F34: 30 | G34: 42.75 | H34: 57.75 | I34: 75 | J34: 95 | K34: 117.75 | L34: 150 | M34: 187.75 | N34: 225 | O34: 250 | P34: 300 | Q34: 375 | R34: 500 | S34: 750
A35: Por mensaje | B35: =POR_NUMERO_CLIENTES(LAMBDA(col, COSTE_VARIABLE_POR_SMS(MICELDA(31, col), Costes_Variables!B23))) -> 131.1998 | C35: 292.8678 | D35: 576.4086 | E35: 890.4176 | F35: 1335.6264 | G35: 1912.035 | H35: 2579.8482 | I35: 3339.066 | J35: 4229.4836 | K35: 5251.101 | L35: 6678.132 | M35: 8367.5626 | N35: 10017.198 | O35: 11130.22 | P35: 13356.264 | Q35: 16695.33 | R35: 22260.44 | S35: 33390.66
A36: Total Variables Bruto | B36: {=POR_NUMERO_CLIENTES(LAMBDA(col, SUM(INDEX($33:$35,,col))))} -> 247.47873 | C36: 561.28516 | D36: 1102.6297 | E36: 1710.3019 | F36: 2565.4528 | G36: 3668.0825 | H36: 4950.8089 | I36: 6413.6321 | J36: 8123.934 | K36: 10081.715 | L36: 12827.264 | M36: 16067.771 | N36: 19240.896 | O36: 21378.774 | P36: 25654.528 | Q36: 32068.161 | R36: 42757.547 | S36: 64136.321
A37: Total Variables Neto | B37: =POR_NUMERO_CLIENTES( LAMBDA(col, NETO(MICELDA(36, col) , 21))) -> 204.52787 | C37: 463.87203 | D37: 911.26419 | E37: 1413.4726 | F37: 2120.209 | G37: 3031.4732 | H37: 4091.5776 | I37: 5300.5224 | J37: 6713.9951 | K37: 8331.9956 | L37: 10601.045 | M37: 13279.15 | N37: 15901.567 | O37: 17668.408 | P37: 21202.09 | Q37: 26502.612 | R37: 35336.816 | S37: 53005.224
A38: "=======================" | B38: "===========" | C38: "===========" | D38: "===========" | E38: "===========" | F38: "===========" | G38: "===========" | H38: "===========" | I38: "===========" | J38: "===========" | K38: "===========" | L38: "===========" | M38: "===========" | N38: "===========" | O38: "===========" | P38: "===========" | Q38: "===========" | R38: "===========" | S38: "==========="
A39: 💵 RESUMEN FINANCIERO
A40: Ingreso Bruto | B40: =POR_NUMERO_CLIENTES( LAMBDA(col, MICELDA(25, col))) -> 482 | C40: 1112 | D40: 2180 | E40: 3396 | F40: 5094 | G40: 7274 | H40: 9821 | I40: 12735 | J40: 16131 | K40: 20009 | L40: 25470 | M40: 31895 | N40: 38205 | O40: 42450 | P40: 50940 | Q40: 63675 | R40: 84900 | S40: 127350
A41: Ingreso Neto | B41: =POR_NUMERO_CLIENTES(LAMBDA(col, MICELDA(26, col))) -> 398.34711 | C41: 919.00826 | D41: 1801.6529 | E41: 2806.6116 | F41: 4209.9174 | G41: 6011.5702 | H41: 8116.5289 | I41: 10524.793 | J41: 13331.405 | K41: 16536.364 | L41: 21049.587 | M41: 26359.504 | N41: 31574.38 | O41: 35082.645 | P41: 42099.174 | Q41: 52623.967 | R41: 70165.289 | S41: 105247.93
A42: Total Costes Neto | B42: =POR_NUMERO_CLIENTES(LAMBDA(col, $B$12+MICELDA(37, col))) -> 4116.959 | C42: 4376.3032 | D42: 4823.6953 | E42: 5325.9038 | F42: 6032.6401 | G42: 6943.9043 | H42: 8004.0088 | I42: 9212.9535 | J42: 10626.426 | K42: 12244.427 | L42: 14513.476 | M42: 17191.581 | N42: 19813.998 | O42: 21580.839 | P42: 25114.521 | Q42: 30415.043 | R42: 39249.247 | S42: 56917.655
A43: EBITDA | B43: =POR_NUMERO_CLIENTES(LAMBDA(col, EBITDA(MICELDA(41, col), MICELDA(42, col)))) -> -3718.6119 | C43: -3457.2949 | D43: -3022.0424 | E43: -2519.2922 | F43: -1822.7227 | G43: -932.33404 | H43: 112.52016 | I43: 1311.8398 | J43: 2704.9788 | K43: 4291.9369 | L43: 6536.1108 | M43: 9167.9232 | N43: 11760.382 | O43: 13501.805 | P43: 16984.653 | Q43: 22208.924 | R43: 30916.042 | S43: 48330.279
A44: CostOfGoodsSold | B44: =POR_NUMERO_CLIENTES(LAMBDA(col, COSTE_VARIABLE_COGS(MICELDA(26, col), Costes_Variables!B11, MICELDA(20, col), Costes_Variables!B20, MICELDA(31, col), Costes_Variables!B23))) -> 227.56137 | C44: 515.33474 | D44: 1012.547 | E44: 1569.9713 | F44: 2354.957 | G44: 3367.504 | H44: 4544.9825 | I44: 5887.3924 | J44: 7457.3638 | K44: 9254.8965 | L44: 11774.785 | M44: 14749.796 | N44: 17662.177 | O44: 19624.641 | P44: 23549.57 | Q44: 29436.962 | R44: 39249.283 | S44: 58873.924
A45: Margen Neto % | B45: =POR_NUMERO_CLIENTES(LAMBDA(col, MARGEN_NETO_PORCENTAGE(MICELDA(43, col), MICELDA(41, col)))) -> -9.3351045 | C45: -3.7619846 | D45: -1.6773722 | E45: -0.89762767 | F45: -0.43295927 | G45: -0.15508994 | H45: 0.013863088 | I45: 0.12464281 | J45: 0.20290275 | K45: 0.25954539 | L45: 0.31051017 | M45: 0.34780333 | N45: 0.37246596 | O45: 0.38485712 | P45: 0.40344385 | Q45: 0.42203059 | R45: 0.44061733 | S45: 0.45920406
A46: 💵 IMPUESTOS (estimaciones)
A47: IVA repercutido | B47: =POR_NUMERO_CLIENTES(LAMBDA(col, MICELDA(40, col) - MICELDA(41, col))) -> 83.652893 | C47: 192.99174 | D47: 378.34711 | E47: 589.38843 | F47: 884.08264 | G47: 1262.4298 | H47: 1704.4711 | I47: 2210.2066 | J47: 2799.595 | K47: 3472.6364 | L47: 4420.4132 | M47: 5535.4959 | N47: 6630.6198 | O47: 7367.3554 | P47: 8840.8264 | Q47: 11051.033 | R47: 14734.711 | S47: 22102.066
A48: IVA soportado | B48: =POR_NUMERO_CLIENTES(LAMBDA(col, IVA(MICELDA(42, col)))) -> 714.51355 | C48: 759.52369 | D48: 837.17026 | E48: 924.33041 | F48: 1046.9871 | G48: 1205.1404 | H48: 1389.1255 | I48: 1598.9423 | J48: 1844.2558 | K48: 2125.0658 | L48: 2518.8677 | M48: 2983.6628 | N48: 3438.7931 | O48: 3745.4349 | P48: 4358.7185 | Q48: 5278.6439 | R48: 6811.8528 | S48: 9878.2707
A49: IVA a pagar | B49: =POR_NUMERO_CLIENTES(LAMBDA(col, IVA_A_PAGAR(MICELDA(47, col), MICELDA(48, col)))) -> -630.86065 | C49: -566.53195 | D49: -458.82316 | E49: -334.94198 | F49: -162.90448 | G49: 57.289339 | H49: 315.34559 | I49: 611.26426 | J49: 955.33926 | K49: 1347.5706 | L49: 1901.5455 | M49: 2551.8331 | N49: 3191.8267 | O49: 3621.9205 | P49: 4482.108 | Q49: 5772.3892 | R49: 7922.8579 | S49: 12223.795
A50: IRFP (20 aprox) | B50: =POR_NUMERO_CLIENTES(LAMBDA(col, IRPF(MICELDA(43, col), irpf_limites, irpf_tipos))) -> 0 | C50: 0 | D50: 0 | E50: 0 | F50: 0 | G50: 0 | H50: 20.253628 | I50: 236.13117 | J50: 486.89618 | K50: 772.54865 | L50: 1176.4999 | M50: 1650.2262 | N50: 2116.8687 | O50: 2459.6958 | P50: 3250.3022 | Q50: 4563.7828 | R50: 6984.3617 | S50: 12878.722
A51: Beneficio neto | B51: =POR_NUMERO_CLIENTES(LAMBDA(col, MICELDA(43, col)-MICELDA(50, col))) -> -3718.6119 | C51: -3457.2949 | D51: -3022.0424 | E51: -2519.2922 | F51: -1822.7227 | G51: -932.33404 | H51: 92.266528 | I51: 1075.7087 | J51: 2218.0826 | K51: 3519.3883 | L51: 5359.6109 | M51: 7517.697 | N51: 9643.5131 | O51: 11042.11 | P51: 13734.351 | Q51: 17645.141 | R51: 23931.68 | S51: 35451.557
A53: 📊 MÉTRICAS CLAVE
A54: Coste Variable/Cliente | B54: =POR_NUMERO_CLIENTES(LAMBDA(col, COSTE_VARIABLE_POR_CLIENTE(MICELDA(37, col),MICELDA(20, col)))) -> 18.593443 | C54: 17.841232 | D54: 17.867925 | E54: 17.668408 | F54: 17.668408 | G54: 17.727913 | H54: 17.712457 | I54: 17.668408 | J54: 17.668408 | K54: 17.690012 | L54: 17.668408 | M54: 17.681957 | N54: 17.668408 | O54: 17.668408 | P54: 17.668408 | Q54: 17.668408 | R54: 17.668408 | S54: 17.668408
A55: AverageRevenuePerUser | B55: =POR_NUMERO_CLIENTES(LAMBDA(col, ARPU(MICELDA(41, col), MICELDA(20, col)))) -> 36.213373 | C55: 35.346472 | D55: 35.326527 | E55: 35.082645 | F55: 35.082645 | G55: 35.155382 | H55: 35.136489 | I55: 35.082645 | J55: 35.082645 | K55: 35.109052 | L55: 35.082645 | M55: 35.099207 | N55: 35.082645 | O55: 35.082645 | P55: 35.082645 | Q55: 35.082645 | R55: 35.082645 | S55: 35.082645
A56: Margen Contribución | B56: =POR_NUMERO_CLIENTES(LAMBDA(col, MARGEN_CONTRIBUCION(MICELDA(54, col), MICELDA(55, col)))) -> 17.61993 | C56: 17.50524 | D56: 17.458602 | E56: 17.414237 | F56: 17.414237 | G56: 17.427468 | H56: 17.424032 | I56: 17.414237 | J56: 17.414237 | K56: 17.41904 | L56: 17.414237 | M56: 17.417249 | N56: 17.414237 | O56: 17.414237 | P56: 17.414237 | Q56: 17.414237 | R56: 17.414237 | S56: 17.414237
A57: Margen Contribución % (Piensa en el margen de contribución % (MC%) como el trozo de cada euro de ingreso que queda libre después de pagar los costes variables. Ese trozo “libre” sirve primero para cubrir costes fijos y, una vez cubiertos, para beneficio.) | B57: =POR_NUMERO_CLIENTES(LAMBDA(col, MARGEN_CONTRIBUCION_PORCENTAJE(MICELDA(56, col),MICELDA(55, col)))) -> 0.48655866 | C57: 0.49524716 | D57: 0.49420657 | E57: 0.49637753 | F57: 0.49637753 | G57: 0.4957269 | H57: 0.49589564 | I57: 0.49637753 | J57: 0.49637753 | K57: 0.496141 | L57: 0.49637753 | M57: 0.49622915 | N57: 0.49637753 | O57: 0.49637753 | P57: 0.49637753 | Q57: 0.49637753 | R57: 0.49637753 | S57: 0.49637753
A58: MRR | B58: =POR_NUMERO_CLIENTES(LAMBDA(col, MRR(MICELDA(41, col), $E$13))) -> 398.14793 | C58: 918.54876 | D58: 1800.7521 | E58: 2805.2083 | F58: 4207.8124 | G58: 6008.5645 | H58: 8112.4707 | I58: 10519.531 | J58: 13324.739 | K58: 16528.095 | L58: 21039.062 | M58: 26346.324 | N58: 31558.593 | O58: 35065.103 | P58: 42078.124 | Q58: 52597.655 | R58: 70130.207 | S58: 105195.31
A59: ARR | B59: =POR_NUMERO_CLIENTES(LAMBDA(col, MICELDA(58, col)*12)) -> 4777.7752 | C59: 11022.585 | D59: 21609.025 | E59: 33662.499 | F59: 50493.749 | G59: 72102.774 | H59: 97349.648 | I59: 126234.37 | J59: 159896.87 | K59: 198337.15 | L59: 252468.74 | M59: 316155.89 | N59: 378703.12 | O59: 420781.24 | P59: 504937.49 | Q59: 631171.86 | R59: 841562.48 | S59: 1262343.7
A60: Total Customer Adquisition | B60: =POR_NUMERO_CLIENTES(LAMBDA(col, COSTE_VARIABLE_PARA_CUSTOMER_ADQUISITION(MICELDA(25, col), Costes_Variables!B9))) -> 24.1 | C60: 55.6 | D60: 109 | E60: 169.8 | F60: 254.7 | G60: 363.7 | H60: 491.05 | I60: 636.75 | J60: 806.55 | K60: 1000.45 | L60: 1273.5 | M60: 1594.75 | N60: 1910.25 | O60: 2122.5 | P60: 2547 | Q60: 3183.75 | R60: 4245 | S60: 6367.5
A61: CAC | B61: =POR_NUMERO_CLIENTES(LAMBDA(col, CAC(MICELDA(60, col),MICELDA(20, col)))) -> 2.1909091 | C61: 2.1384615 | D61: 2.1372549 | E61: 2.1225 | F61: 2.1225 | G61: 2.1269006 | H61: 2.1257576 | I61: 2.1225 | J61: 2.1225 | K61: 2.1240977 | L61: 2.1225 | M61: 2.123502 | N61: 2.1225 | O61: 2.1225 | P61: 2.1225 | Q61: 2.1225 | R61: 2.1225 | S61: 2.1225
A62: Payback(meses) | B62: =POR_NUMERO_CLIENTES(LAMBDA(col, PAYBACK(MICELDA(61, col),MICELDA(56, col), $E$13))) -> 0.11812553 | C62: 0.11605316 | D62: 0.11629752 | E62: 0.11578888 | F62: 0.11578888 | G62: 0.11594085 | H62: 0.1159014 | I62: 0.11578888 | J62: 0.11578888 | K62: 0.11584408 | L62: 0.11578888 | M62: 0.11582351 | N62: 0.11578888 | O62: 0.11578888 | P62: 0.11578888 | Q62: 0.11578888 | R62: 0.11578888 | S62: 0.11578888
A63: LTV | B63: =POR_NUMERO_CLIENTES(LAMBDA(col, LTV(MICELDA(56, col), $B$13))) -> 211.43917 | C63: 210.06288 | D63: 209.50322 | E63: 208.97084 | F63: 208.97084 | G63: 209.12962 | H63: 209.08838 | I63: 208.97084 | J63: 208.97084 | K63: 209.02849 | L63: 208.97084 | M63: 209.00699 | N63: 208.97084 | O63: 208.97084 | P63: 208.97084 | Q63: 208.97084 | R63: 208.97084 | S63: 208.97084
A64: LTV/CAC | B64: =POR_NUMERO_CLIENTES(LAMBDA(col, LTV_POR_CAC(MICELDA(63, col),MICELDA(61, col)))) -> 96.507503 | C64: 98.230842 | D64: 98.024444 | E64: 98.455048 | F64: 98.455048 | G64: 98.325997 | H64: 98.359465 | I64: 98.455048 | J64: 98.455048 | K64: 98.408133 | L64: 98.455048 | M64: 98.425616 | N64: 98.455048 | O64: 98.455048 | P64: 98.455048 | Q64: 98.455048 | R64: 98.455048 | S64: 98.455048
A65: Clientes Break-even | B65: =POR_NUMERO_CLIENTES(LAMBDA(col, CLIENTES_BREAK_EVEN($B$12,MICELDA(56, col)))) -> 222.04578 | C65: 223.50057 | D65: 224.09762 | E65: 224.66854 | F65: 224.66854 | G65: 224.49796 | H65: 224.54224 | I65: 224.66854 | J65: 224.66854 | K65: 224.60658 | L65: 224.66854 | M65: 224.62968 | N65: 224.66854 | O65: 224.66854 | P65: 224.66854 | Q65: 224.66854 | R65: 224.66854 | S65: 224.66854
A66: Faltan Clientes | B66: =POR_NUMERO_CLIENTES(LAMBDA(col, FALTAN_PARA_BREAK_EVEN(MICELDA(65, col), MICELDA(20, col)))) -> 211.04578 | C66: 197.50057 | D66: 173.09762 | E66: 144.66854 | F66: 104.66854 | G66: 53.497962 | H66: 0 | I66: 0 | J66: 0 | K66: 0 | L66: 0 | M66: 0 | N66: 0 | O66: 0 | P66: 0 | Q66: 0 | R66: 0 | S66: 0
A67: 🎯 ANÁLISIS DE OBJETIVOS
A68: Status | B68: =POR_NUMERO_CLIENTES(LAMBDA(col, IF(OR(ISERROR(MICELDA(43, col)), ISERROR(MICELDA(41, col))), "❌ ERROR", IF(MICELDA(43, col) < 0, "🔴 PERDIDAS", IF(MICELDA(43, col) < MICELDA(44, col) * $B$14%, "🟡 MARGEN BAJO", "🟢 RENTABLE"))))) -> 🔴 PERDIDAS | C68: 🔴 PERDIDAS | D68: 🔴 PERDIDAS | E68: 🔴 PERDIDAS | F68: 🔴 PERDIDAS | G68: 🔴 PERDIDAS | H68: 🟢 RENTABLE | I68: 🟢 RENTABLE | J68: 🟢 RENTABLE | K68: 🟢 RENTABLE | L68: 🟢 RENTABLE | M68: 🟢 RENTABLE | N68: 🟢 RENTABLE | O68: 🟢 RENTABLE | P68: 🟢 RENTABLE | Q68: 🟢 RENTABLE | R68: 🟢 RENTABLE | S68: 🟢 RENTABLE
A69: Crecimiento | B69: =POR_NUMERO_CLIENTES(LAMBDA(col, IF(MICELDA(66, col) > 0, "📈 Necesitas " & MICELDA(66, col) & " clientes mas", "🎯 Break-even alcanzado") )) -> 📈 Necesitas 211,045775893744 clientes mas | C69: 📈 Necesitas 197,500572998815 clientes mas | D69: 📈 Necesitas 173,097619229578 clientes mas | E69: 📈 Necesitas 144,668541049138 clientes mas | F69: 📈 Necesitas 104,668541049138 clientes mas | G69: 📈 Necesitas 53,497961930185 clientes mas | H69: 🎯 Break-even alcanzado | I69: 🎯 Break-even alcanzado | J69: 🎯 Break-even alcanzado | K69: 🎯 Break-even alcanzado | L69: 🎯 Break-even alcanzado | M69: 🎯 Break-even alcanzado | N69: 🎯 Break-even alcanzado | O69: 🎯 Break-even alcanzado | P69: 🎯 Break-even alcanzado | Q69: 🎯 Break-even alcanzado | R69: 🎯 Break-even alcanzado | S69: 🎯 Break-even alcanzado
A70: LTC/CAC Status | B70: =POR_NUMERO_CLIENTES(LAMBDA(col, IF(OR(ISERROR(MICELDA(64, col)), ISERROR(MICELDA(64, col))), "❌ ERROR", IF(MICELDA(64, col) < 1, "🔴 NO RENTABLE", IF(MICELDA(64, col) < 3, "🟡 MEJORABLE", "🟢 RENTABLE"))))) -> 🟢 RENTABLE | C70: 🟢 RENTABLE | D70: 🟢 RENTABLE | E70: 🟢 RENTABLE | F70: 🟢 RENTABLE | G70: 🟢 RENTABLE | H70: 🟢 RENTABLE | I70: 🟢 RENTABLE | J70: 🟢 RENTABLE | K70: 🟢 RENTABLE | L70: 🟢 RENTABLE | M70: 🟢 RENTABLE | N70: 🟢 RENTABLE | O70: 🟢 RENTABLE | P70: 🟢 RENTABLE | Q70: 🟢 RENTABLE | R70: 🟢 RENTABLE | S70: 🟢 RENTABLE
A72: 💎 ANÁLISIS POR TIER (distinta forma de calcula el coste fijo)
A73: Good - Ingreso neto | B73: =POR_NUMERO_CLIENTES(LAMBDA(col, MICELDA(22, col))) -> 64 | C73: 144 | D73: 288 | E73: 448 | F73: 672 | G73: 960 | H73: 1296 | I73: 1680 | J73: 2128 | K73: 2640 | L73: 3360 | M73: 4208 | N73: 5040 | O73: 5600 | P73: 6720 | Q73: 8400 | R73: 11200 | S73: 16800
A74: Good - Coste fijo | B74: =POR_NUMERO_CLIENTES(LAMBDA(col, $B$12 * (MICELDA(28, col)*100/MICELDA(31, col))%)) -> 296.67724 | C74: 299.03932 | D74: 303.87815 | E74: 306.0002 | F74: 306.0002 | G74: 305.36048 | H74: 305.52608 | I74: 306.0002 | J74: 306.0002 | K74: 305.76726 | L74: 306.0002 | M74: 305.85402 | N74: 306.0002 | O74: 306.0002 | P74: 306.0002 | Q74: 306.0002 | R74: 306.0002 | S74: 306.0002
A75: Good - Coste variable | B75: =POR_NUMERO_CLIENTES(LAMBDA(col, MICELDA(37, col) * (MICELDA(28, col)*100/MICELDA(31, col))%)) -> 15.509223 | C75: 35.455187 | D75: 70.777801 | E75: 110.55093 | F75: 165.8264 | G75: 236.60278 | H75: 319.51582 | I75: 414.566 | J75: 525.11693 | K75: 651.16839 | L75: 829.132 | M75: 1038.0966 | N75: 1243.698 | O75: 1381.8867 | P75: 1658.264 | Q75: 2072.83 | R75: 2763.7733 | S75: 4145.66
A76: Good - EBITDA | B76: =POR_NUMERO_CLIENTES(LAMBDA(col, EBITDA(MICELDA(73, col), MICELDA(74, col) + MICELDA(75, col)))) -> -248.18646 | C76: -190.49451 | D76: -86.655947 | E76: 31.448867 | F76: 200.1734 | G76: 418.03674 | H76: 670.9581 | I76: 959.4338 | J76: 1296.8829 | K76: 1683.0643 | L76: 2224.8678 | M76: 2864.0494 | N76: 3490.3018 | O76: 3912.1131 | P76: 4755.7358 | Q76: 6021.1698 | R76: 8130.2265 | S76: 12348.34
A77: Good - Margen neto % | B77: =POR_NUMERO_CLIENTES(LAMBDA(col, MARGEN_NETO_PORCENTAGE(MICELDA(76, col), MICELDA(73, col)))) -> -3.8779135 | C77: -1.3228785 | D77: -0.30088871 | E77: 0.070198364 | F77: 0.29787708 | G77: 0.43545494 | H77: 0.51771458 | I77: 0.57109155 | J77: 0.60943744 | K77: 0.63752437 | L77: 0.66216304 | M77: 0.68062011 | N77: 0.6925202 | O77: 0.69859163 | P77: 0.70769878 | Q77: 0.71680593 | R77: 0.72591308 | S77: 0.73502023
A78: Better - Ingreso neto | B78: =POR_NUMERO_CLIENTES(LAMBDA(col, MICELDA(23, col))) -> 220 | C78: 572 | D78: 1100 | E78: 1760 | F78: 2640 | G78: 3740 | H78: 5060 | I78: 6600 | J78: 8360 | K78: 10340 | L78: 13200 | M78: 16500 | N78: 19800 | O78: 22000 | P78: 26400 | Q78: 33000 | R78: 44000 | S78: 66000
A79: Better - Coste fijo | B79: =POR_NUMERO_CLIENTES(LAMBDA(col, $B$12 * (MICELDA(29, col)*100/MICELDA(31, col))%)) -> 1390.6746 | C79: 1619.7963 | D79: 1582.6987 | E79: 1639.2868 | F79: 1639.2868 | G79: 1622.2275 | H79: 1626.6435 | I79: 1639.2868 | J79: 1639.2868 | K79: 1633.0752 | L79: 1639.2868 | M79: 1635.3887 | N79: 1639.2868 | O79: 1639.2868 | P79: 1639.2868 | Q79: 1639.2868 | R79: 1639.2868 | S79: 1639.2868
A80: Better - Coste variable | B80: =POR_NUMERO_CLIENTES(LAMBDA(col, MICELDA(37, col) * (MICELDA(29, col)*100/MICELDA(31, col))%)) -> 72.699481 | C80: 192.04893 | D80: 368.63438 | E80: 592.23714 | F80: 888.35571 | G80: 1256.9523 | H80: 1701.1259 | I80: 2220.8893 | J80: 2813.1264 | K80: 3477.8312 | L80: 4441.7786 | M80: 5550.659 | N80: 6662.6678 | O80: 7402.9643 | P80: 8883.5571 | Q80: 11104.446 | R80: 14805.929 | S80: 22208.893
A81: Better - EBITDA | B81: =POR_NUMERO_CLIENTES(LAMBDA(col, EBITDA(MICELDA(78, col), MICELDA(79, col) + MICELDA(80, col)))) -> -1243.3741 | C81: -1239.8453 | D81: -851.33306 | E81: -471.52393 | F81: 112.3575 | G81: 860.82017 | H81: 1732.2306 | I81: 2739.8239 | J81: 3907.5868 | K81: 5229.0937 | L81: 7118.9347 | M81: 9313.9524 | N81: 11498.045 | O81: 12957.749 | P81: 15877.156 | Q81: 20256.267 | R81: 27554.785 | S81: 42151.82
A82: Better - Margen neto % | B82: =POR_NUMERO_CLIENTES(LAMBDA(col, MARGEN_NETO_PORCENTAGE(MICELDA(81, col), MICELDA(78, col)))) -> -5.6517002 | C82: -2.1675616 | D82: -0.77393915 | E82: -0.26791132 | F82: 0.04255966 | G82: 0.23016582 | H82: 0.34233807 | I82: 0.41512484 | J82: 0.46741469 | K82: 0.50571505 | L82: 0.53931323 | M82: 0.56448196 | N82: 0.58070936 | O82: 0.58898859 | P82: 0.60140743 | Q82: 0.61382627 | R82: 0.62624511 | S82: 0.63866395
A83: Best - Ingreso neto | B83: =POR_NUMERO_CLIENTES(LAMBDA(col, MICELDA(24, col))) -> 198 | C83: 396 | D83: 792 | E83: 1188 | F83: 1782 | G83: 2574 | H83: 3465 | I83: 4455 | J83: 5643 | K83: 7029 | L83: 8910 | M83: 11187 | N83: 13365 | O83: 14850 | P83: 17820 | Q83: 22275 | R83: 29700 | S83: 44550
A84: Best - Coste fijo | B84: =POR_NUMERO_CLIENTES(LAMBDA(col, $B$12 * (MICELDA(30, col)*100/MICELDA(31, col))%)) -> 2225.0793 | C84: 1993.5955 | D84: 2025.8543 | E84: 1967.1441 | F84: 1967.1441 | G84: 1984.8431 | H84: 1980.2616 | I84: 1967.1441 | J84: 1967.1441 | K84: 1973.5887 | L84: 1967.1441 | M84: 1971.1885 | N84: 1967.1441 | O84: 1967.1441 | P84: 1967.1441 | Q84: 1967.1441 | R84: 1967.1441 | S84: 1967.1441
A85: Best - Coste variable | B85: =POR_NUMERO_CLIENTES(LAMBDA(col, MICELDA(37, col) * (MICELDA(30, col)*100/MICELDA(31, col))% )) -> 116.31917 | C85: 236.36791 | D85: 471.85201 | E85: 710.68457 | F85: 1066.0269 | G85: 1537.9181 | H85: 2070.9359 | I85: 2665.0671 | J85: 3375.7517 | K85: 4202.996 | L85: 5330.1343 | M85: 6690.3943 | N85: 7995.2014 | O85: 8883.5571 | P85: 10660.269 | Q85: 13325.336 | R85: 17767.114 | S85: 26650.671
A86: Best - EBITDA | B86: =POR_NUMERO_CLIENTES(LAMBDA(col, EBITDA(MICELDA(83, col), MICELDA(84, col) + MICELDA(85, col)))) -> -2143.3985 | C86: -1833.9634 | D86: -1705.7063 | E86: -1489.8287 | F86: -1251.171 | G86: -948.7612 | H86: -586.1975 | I86: -177.21128 | J86: 300.10415 | K86: 852.41531 | L86: 1612.7216 | M86: 2525.4173 | N86: 3402.6545 | O86: 3999.2987 | P86: 5192.5873 | Q86: 6982.5202 | R86: 9965.7416 | S86: 15932.185
A87: Best - Margen neto % | B87: =POR_NUMERO_CLIENTES(LAMBDA(col, MARGEN_NETO_PORCENTAGE(MICELDA(86, col), MICELDA(83, col)))) -> -10.825245 | C87: -4.6312207 | D87: -2.1536696 | E87: -1.2540646 | F87: -0.70211616 | G87: -0.36859409 | H87: -0.16917677 | I87: -0.039778064 | J87: 0.053181668 | K87: 0.12127121 | L87: 0.1810013 | M87: 0.22574571 | N87: 0.25459442 | O87: 0.26931305 | P87: 0.29139098 | Q87: 0.31346892 | R87: 0.33554686 | S87: 0.35762479

Sheet Graficas Rendimiento

Sheet Copia de Graficas Rendimiento 1

Sheet Copia de Copia de Graficas Rend

Sheet Copia de Graficas Rendimiento

Sheet Modelo numero de mensajes por t
A1: ## INPUTS
A2: Numero de clientes | B2: {=Numero_Clientes} -> 10 | C2: 25 | D2: 50 | E2: 80 | F2: 120 | G2: 170 | H2: 230 | I2: 300 | J2: 380 | K2: 470 | L2: 600 | M2: 750 | N2: 900 | O2: 1000 | P2: 1200 | Q2: 1500 | R2: 2000 | S2: 3000
A3: Good plan precio | B3: 16
A4: Better plan precio | B4: 44
A5: Best plan precio | B5: 99
A6: Distribucion clientes good | B6: 35
A7: Distribucion clientes better | B7: 50
A8: Distribucion clientes best | B8: 15
A9: Factor distribucion mensajes good | B9: =1 -> 1
A10: Factor distribucion mensajes better | B10: =3.5 -> 3.5
A11: Factor distribucion mensajes best | B11: =10 -> 10
A12: Bolsa total (** lee abajo) | B12: =(B6*B9)+(B7*B10)+(B8*B11) -> 360
A13: Total Costes Fijos (Neto) | B13: =NETO(Costes_Fijos!B20, 21) -> 3912.4311
A14: Target Margin | B14: 20
A15: ## OUTPUTS
A16: 📊 CLIENTES POR TIER
A17: Good Clients | B17: {=ROUND(Numero_Clientes*$B6%,0)} -> 4 | C17: 9 | D17: 18 | E17: 28 | F17: 42 | G17: 60 | H17: 81 | I17: 105 | J17: 133 | K17: 165 | L17: 210 | M17: 263 | N17: 315 | O17: 350 | P17: 420 | Q17: 525 | R17: 700 | S17: 1050
A18: Better Clients | B18: {=ROUND(Numero_Clientes*$B7%,0)} -> 5 | C18: 13 | D18: 25 | E18: 40 | F18: 60 | G18: 85 | H18: 115 | I18: 150 | J18: 190 | K18: 235 | L18: 300 | M18: 375 | N18: 450 | O18: 500 | P18: 600 | Q18: 750 | R18: 1000 | S18: 1500
A19: Best Clients | B19: {=ROUND(Numero_Clientes*$B8%,0)} -> 2 | C19: 4 | D19: 8 | E19: 12 | F19: 18 | G19: 26 | H19: 35 | I19: 45 | J19: 57 | K19: 71 | L19: 90 | M19: 113 | N19: 135 | O19: 150 | P19: 180 | Q19: 225 | R19: 300 | S19: 450
A20: Total Clients | B20: {=POR_NUMERO_CLIENTES(LAMBDA(col, SUM(INDEX($17:$19,,col))))} -> 11 | C20: 26 | D20: 51 | E20: 80 | F20: 120 | G20: 171 | H20: 231 | I20: 300 | J20: 380 | K20: 471 | L20: 600 | M20: 751 | N20: 900 | O20: 1000 | P20: 1200 | Q20: 1500 | R20: 2000 | S20: 3000
A21: 💰 INGRESOS MENSUALES
A22: Good Bruto | B22: =POR_NUMERO_CLIENTES(LAMBDA(col, MICELDA(17,col)* $B$3)) -> 64 | C22: 144 | D22: 288 | E22: 448 | F22: 672 | G22: 960 | H22: 1296 | I22: 1680 | J22: 2128 | K22: 2640 | L22: 3360 | M22: 4208 | N22: 5040 | O22: 5600 | P22: 6720 | Q22: 8400 | R22: 11200 | S22: 16800
A23: Better Bruto | B23: =POR_NUMERO_CLIENTES(LAMBDA(col, MICELDA(18,col)* $B$4)) -> 220 | C23: 572 | D23: 1100 | E23: 1760 | F23: 2640 | G23: 3740 | H23: 5060 | I23: 6600 | J23: 8360 | K23: 10340 | L23: 13200 | M23: 16500 | N23: 19800 | O23: 22000 | P23: 26400 | Q23: 33000 | R23: 44000 | S23: 66000
A24: Best Bruto | B24: =POR_NUMERO_CLIENTES(LAMBDA(col, MICELDA(19,col)* $B$5)) -> 198 | C24: 396 | D24: 792 | E24: 1188 | F24: 1782 | G24: 2574 | H24: 3465 | I24: 4455 | J24: 5643 | K24: 7029 | L24: 8910 | M24: 11187 | N24: 13365 | O24: 14850 | P24: 17820 | Q24: 22275 | R24: 29700 | S24: 44550
A25: Total Ingresos Bruto | B25: {=POR_NUMERO_CLIENTES(LAMBDA(col, SUM(INDEX($22:$24,,col))))} -> 482 | C25: 1112 | D25: 2180 | E25: 3396 | F25: 5094 | G25: 7274 | H25: 9821 | I25: 12735 | J25: 16131 | K25: 20009 | L25: 25470 | M25: 31895 | N25: 38205 | O25: 42450 | P25: 50940 | Q25: 63675 | R25: 84900 | S25: 127350
A26: Total Ingresos Neto | B26: =POR_NUMERO_CLIENTES( LAMBDA(col, NETO(MICELDA(25, col) , 21))) -> 398.34711 | C26: 919.00826 | D26: 1801.6529 | E26: 2806.6116 | F26: 4209.9174 | G26: 6011.5702 | H26: 8116.5289 | I26: 10524.793 | J26: 13331.405 | K26: 16536.364 | L26: 21049.587 | M26: 26359.504 | N26: 31574.38 | O26: 35082.645 | P26: 42099.174 | Q26: 52623.967 | R26: 70165.289 | S26: 105247.93
A27: 📈 COSTES VARIABLES
A28: Total dependiente de ingreso | B28: =POR_NUMERO_CLIENTES(LAMBDA(col, COSTO_VARIABLE_DE_INGRESO(MICELDA(26, col), Costes_Variables!$B10))) -> 113.52893 | C28: 261.91736 | D28: 513.47107 | E28: 799.8843 | F28: 1199.8264 | G28: 1713.2975 | H28: 2313.2107 | I28: 2999.5661 | J28: 3799.4504 | K28: 4712.8636 | L28: 5999.1322 | M28: 7512.4587 | N28: 8998.6983 | O28: 9998.5537 | P28: 11998.264 | Q28: 14997.831 | R28: 19997.107 | S28: 29995.661
A29: Total por transaccion | B29: {=POR_NUMERO_CLIENTES(LAMBDA(col, COSTE_VARIABLE_POR_TRANSACCION(INDEX($20:$20,, col), Costes_Variables!$B$13)))} -> 2.75 | C29: 6.5 | D29: 12.75 | E29: 20 | F29: 30 | G29: 42.75 | H29: 57.75 | I29: 75 | J29: 95 | K29: 117.75 | L29: 150 | M29: 187.75 | N29: 225 | O29: 250 | P29: 300 | Q29: 375 | R29: 500 | S29: 750
A30: Total Costes Variables | B30: {=POR_NUMERO_CLIENTES(LAMBDA(col, SUM(INDEX($28:$29,,col))))} -> 116.27893 | C30: 268.41736 | D30: 526.22107 | E30: 819.8843 | F30: 1229.8264 | G30: 1756.0475 | H30: 2370.9607 | I30: 3074.5661 | J30: 3894.4504 | K30: 4830.6136 | L30: 6149.1322 | M30: 7700.2087 | N30: 9223.6983 | O30: 10248.554 | P30: 12298.264 | Q30: 15372.831 | R30: 20497.107 | S30: 30745.661
A31: ## RESULTADO
A32: Total mensajes | B32: =POR_NUMERO_CLIENTES(LAMBDA(col, (MICELDA(26, col) * (1 - $B$14/100) - $B$13 - MICELDA(30, col))/Costes_Variables!$B23)) -> -119332.02 | C32: -110827.98 | D32: -96408.166 | E32: -79994.409 | F32: -57070.559 | G32: -27636.618 | H32: 6749.1562 | I32: 46086.763 | J32: 91934.462 | K32: 144292.25 | L32: 218015.63 | M32: 304759.2 | N32: 389944.5 | O32: 447254.13 | P32: 561873.38 | Q32: 733802.25 | R32: 1020350.4 | S32: 1593446.6
A33: Es posible ? | B33: =POR_NUMERO_CLIENTES(LAMBDA(col, IF(MICELDA(32, col) > 0, "🟢 Puedes enviar " & ROUND(MICELDA(32, col), 2) & " mensajes en total entre todos los clientes de todos los planes", "🔴 Te faltan " & (MICELDA(32, col) * Costes_Variables!$B23) & " Euros antes de poder enviar el primer recordatorio. Imposible, matematicamente no se puede."))) -> 🔴 Te faltan -3710,03236914601 Euros antes de poder enviar el primer recordatorio. Imposible, matematicamente no se puede. | C33: 🔴 Te faltan -3445,64187327824 Euros antes de poder enviar el primer recordatorio. Imposible, matematicamente no se puede. | D33: 🔴 Te faltan -2997,32988980716 Euros antes de poder enviar el primer recordatorio. Imposible, matematicamente no se puede. | E33: 🔴 Te faltan -2487,0261707989 Euros antes de poder enviar el primer recordatorio. Imposible, matematicamente no se puede. | F33: 🔴 Te faltan -1774,32369146006 Euros antes de poder enviar el primer recordatorio. Imposible, matematicamente no se puede. | G33: 🔴 Te faltan -859,222451790634 Euros antes de poder enviar el primer recordatorio. Imposible, matematicamente no se puede. | H33: 🟢 Puedes enviar 6749,16 mensajes en total entre todos los clientes de todos los planes | I33: 🟢 Puedes enviar 46086,76 mensajes en total entre todos los clientes de todos los planes | J33: 🟢 Puedes enviar 91934,46 mensajes en total entre todos los clientes de todos los planes | K33: 🟢 Puedes enviar 144292,25 mensajes en total entre todos los clientes de todos los planes | L33: 🟢 Puedes enviar 218015,63 mensajes en total entre todos los clientes de todos los planes | M33: 🟢 Puedes enviar 304759,2 mensajes en total entre todos los clientes de todos los planes | N33: 🟢 Puedes enviar 389944,5 mensajes en total entre todos los clientes de todos los planes | O33: 🟢 Puedes enviar 447254,13 mensajes en total entre todos los clientes de todos los planes | P33: 🟢 Puedes enviar 561873,38 mensajes en total entre todos los clientes de todos los planes | Q33: 🟢 Puedes enviar 733802,25 mensajes en total entre todos los clientes de todos los planes | R33: 🟢 Puedes enviar 1020350,36 mensajes en total entre todos los clientes de todos los planes | S33: 🟢 Puedes enviar 1593446,6 mensajes en total entre todos los clientes de todos los planes
A34: Base | B34: =POR_NUMERO_CLIENTES(LAMBDA(col, MICELDA(32, col)/$B$12)) -> -331.47782 | C34: -307.8555 | D34: -267.80046 | E34: -222.20669 | F34: -158.52933 | G34: -76.768383 | H34: 18.747656 | I34: 128.01879 | J34: 255.37351 | K34: 400.81181 | L34: 605.59898 | M34: 846.55333 | N34: 1083.1792 | O34: 1242.3726 | P34: 1560.7594 | Q34: 2038.3396 | R34: 2834.3066 | S34: 4426.2406
A35: Distribuidos por tier - good | B35: =POR_NUMERO_CLIENTES(LAMBDA(col, IF(MICELDA(34, col) > 0, MICELDA(34, col) * ($B$6*$B$9), "Que no se puede hostias"))) -> Que no se puede hostias | C35: Que no se puede hostias | D35: Que no se puede hostias | E35: Que no se puede hostias | F35: Que no se puede hostias | G35: Que no se puede hostias | H35: 656.16797 | I35: 4480.6575 | J35: 8938.0727 | K35: 14028.413 | L35: 21195.964 | M35: 29629.367 | N35: 37911.271 | O35: 43483.04 | P35: 54626.578 | Q35: 71341.885 | R35: 99200.73 | S35: 154918.42
A36: Distribuidos por tier - better | B36: =POR_NUMERO_CLIENTES(LAMBDA(col, IF(MICELDA(34, col) > 0, MICELDA(34, col) * ($B$7*$B$10), "Que no se puede hostias"))) -> Que no se puede hostias | C36: Que no se puede hostias | D36: Que no se puede hostias | E36: Que no se puede hostias | F36: Que no se puede hostias | G36: Que no se puede hostias | H36: 3280.8398 | I36: 22403.288 | J36: 44690.363 | K36: 70142.067 | L36: 105979.82 | M36: 148146.83 | N36: 189556.36 | O36: 217415.2 | P36: 273132.89 | Q36: 356709.43 | R36: 496003.65 | S36: 774592.1
A37: Distribuidos por tier - best | B37: =POR_NUMERO_CLIENTES(LAMBDA(col, IF(MICELDA(34, col) > 0, MICELDA(34, col) * ($B$8*$B$11), "Que no se puede hostias"))) -> Que no se puede hostias | C37: Que no se puede hostias | D37: Que no se puede hostias | E37: Que no se puede hostias | F37: Que no se puede hostias | G37: Que no se puede hostias | H37: 2812.1484 | I37: 19202.818 | J37: 38306.026 | K37: 60121.772 | L37: 90839.847 | M37: 126983 | N37: 162476.88 | O37: 186355.89 | P37: 234113.91 | Q37: 305750.94 | R37: 425145.99 | S37: 663936.08
A38: Good plan numero de mensajes | B38: =POR_NUMERO_CLIENTES(LAMBDA(col, IFERROR(MICELDA(35, col)/MICELDA(17, col),""))) | H38: 8.1008391 | I38: 42.672929 | J38: 67.203554 | K38: 85.020688 | L38: 100.93316 | M38: 112.65919 | N38: 120.35324 | O38: 124.23726 | P38: 130.06328 | Q38: 135.8893 | R38: 141.71533 | S38: 147.54135
A39: Better plan numero de mensajes | B39: =POR_NUMERO_CLIENTES(LAMBDA(col, IFERROR(MICELDA(36, col)/MICELDA(18, col),""))) | H39: 28.529042 | I39: 149.35525 | J39: 235.21244 | K39: 298.47688 | L39: 353.26607 | M39: 395.05822 | N39: 421.23635 | O39: 434.8304 | P39: 455.22148 | Q39: 475.61257 | R39: 496.00365 | S39: 516.39473
A40: Best plan numero de mensajes | B40: =POR_NUMERO_CLIENTES(LAMBDA(col, IFERROR(MICELDA(37, col)/MICELDA(19, col),""))) | H40: 80.347098 | I40: 426.72929 | J40: 672.03554 | K40: 846.78552 | L40: 1009.3316 | M40: 1123.7434 | N40: 1203.5324 | O40: 1242.3726 | P40: 1300.6328 | Q40: 1358.893 | R40: 1417.1533 | S40: 1475.4135
A41: Precio por mensaje good | B41: =POR_NUMERO_CLIENTES(LAMBDA(col, IFERROR($B$3/MICELDA(38, col),""))) | H41: 1.975104 | I41: 0.37494497 | J41: 0.23808265 | K41: 0.18818949 | L41: 0.15852074 | M41: 0.14202126 | N41: 0.13294199 | O41: 0.12878584 | P41: 0.12301704 | Q41: 0.11774289 | R41: 0.1129024 | S41: 0.10844417
A42: Precio por mensaje better | B42: =POR_NUMERO_CLIENTES(LAMBDA(col, IFERROR($B$4/MICELDA(39, col),""))) | H42: 1.542288 | I42: 0.29459962 | J42: 0.18706494 | K42: 0.1474151 | L42: 0.12455201 | M42: 0.11137599 | N42: 0.10445442 | O42: 0.10118888 | P42: 0.096656246 | Q42: 0.092512274 | R42: 0.088709025 | S42: 0.085206136
A43: Precio por mensaje best | B43: =POR_NUMERO_CLIENTES(LAMBDA(col, IFERROR($B$5/MICELDA(40, col),""))) | H43: 1.232154 | I43: 0.2319972 | J43: 0.14731364 | K43: 0.11691272 | L43: 0.098084709 | M43: 0.088098407 | N43: 0.082257859 | O43: 0.07968624 | P43: 0.076116794 | Q43: 0.072853416 | R43: 0.069858357 | S43: 0.067099832
A44: Comprobacion | B44: =POR_NUMERO_CLIENTES(LAMBDA(col, (MICELDA(38, col)*MICELDA(17, col))+(MICELDA(39, col)*MICELDA(18, col))+(MICELDA(40, col)*MICELDA(19, col)))) -> 0 | C44: 0 | D44: 0 | E44: 0 | F44: 0 | G44: 0 | H44: 6749.1562 | I44: 46086.763 | J44: 91934.462 | K44: 144292.25 | L44: 218015.63 | M44: 304759.2 | N44: 389944.5 | O44: 447254.13 | P44: 561873.38 | Q44: 733802.25 | R44: 1020350.4 | S44: 1593446.6
B45: =POR_NUMERO_CLIENTES(LAMBDA(col, IF(MICELDA(32, col) < 0, "No se puede hostias", IF(ROUND(MICELDA(32, col), 4)=ROUND(MICELDA(44, col), 4), "🟢", "🔴")))) -> No se puede hostias | C45: No se puede hostias | D45: No se puede hostias | E45: No se puede hostias | F45: No se puede hostias | G45: No se puede hostias | H45: 🟢 | I45: 🟢 | J45: 🟢 | K45: 🟢 | L45: 🟢 | M45: 🟢 | N45: 🟢 | O45: 🟢 | P45: 🟢 | Q45: 🟢 | R45: 🟢 | S45: 🟢
A47: ## Explicacion Modelo
A48: ¿Cuántos SMS puedo enviar para alcanzar exactamente 20% de margen?
A49: ## Ecuacion
A50: Número de mensajes = [Ingreso Neto × (1 - Margen objetivo/100) - Coste Fijo neto - Coste variable neto (sin contar el coste por mensaje obvs) ] / precio por mensaje
A52: **Cómo funciona el reparto de mensajes: Se calculan los mensajes totales disponibles con **la ecuacion**. Se asigna un peso (“factor”) a cada tier: Good = % clientes Good × 1 Better = % clientes Better × 3,5 Best = % clientes Best × 10 👉 Estos números (1, 3,5, 10) son pesos arbitrarios que definen qué plan recibe más “crédito” de mensajes proporcionalmente a su valor. Se suman los factores para obtener la “Bolsa total”. Base = Total_mensajes / Bolsa_total. Es la cantidad de mensajes que corresponde a “una unidad de factor”. Mensajes distribuidos por tier: Se multiplica la base × factor_tier. Así se reparten los mensajes totales entre Good, Better y Best en proporción a sus factores. Mensajes incluidos por cliente: Se divide los mensajes asignados al tier entre el nº de clientes de ese tier. Resultado = SMS incluidos por cliente/plan. Comprobación: Se suman los mensajes asignados por tier y se valida que = total de mensajes calculados. Si no cuadra, muestra alerta.

Sheet Costes_Variables
A1: 📈 COSTES VARIABLES | C1: Notas
A2: Dependiente de ingreso %
A3: Stripe | B3: 1.5 | C3: Esto se deberia de calcular contra el bruto, al contrario que lo demas
A4: Infraestructura | B4: 10
A5: Marketing | B5: 5
A6: Safety Margin | B6: 7
A9: Total para Customer Adquisition | B9: =B5 -> 5
A10: Total | B10: =SUM(B3:B9) -> 28.5
A11: Total para COGS | B11: =B10-B5 -> 23.5
A12: Dependiente de numero de transacciones
A13: Stripe Fixed | B13: 0.25 | C13: Esto se deberia de calcular contra el bruto, al contrario que lo demas
A20: Total | B20: =SUM(B13:B19) -> 0.25
A22: Dependiente del numero de mensajes
A23: SMS Cost a Espana (Neto) | B23: 0.03109

Sheet Rangos
A1: Numero de clientes | B1: 10 | C1: 25 | D1: 50 | E1: 80 | F1: 120 | G1: 170 | H1: 230 | I1: 300 | J1: 380 | K1: 470 | L1: 600 | M1: 750 | N1: 900 | O1: 1000 | P1: 1200 | Q1: 1500 | R1: 2000 | S1: 3000
A3: IRPF
A4: Limites | B4: 12450 | C4: 13362 | D4: 19004 | E4: 20200 | F4: 35200 | G4: 35425 | H4: 57320 | I4: 60000 | J4: 300000 | K4: 10000000
A5: Tipos | B5: 0.18 | C5: 0.205 | D5: 0.227 | E5: 0.248 | F5: 0.278 | G5: 0.313 | H5: 0.359 | I5: 0.39 | J5: 0.43 | K5: 0.45
A6: https://taxdown.es/irpf/tabla-tramos/
A12: 50 | B12: 100
A13: =A12*2 -> 100 | B13: =B12*2 -> 200 | C13: =C12*2 -> 0 | D13: =D12*2 -> 0 | E13: =E12*2 -> 0 | F13: =F12*2 -> 0 | G13: =G12*2 -> 0 | H13: =H12*2 -> 0 | ... L13: =L12*2 -> 0

Sheet Costes_Fijos
A1: 📉 COSTES FIJOS MENSUALES | B1: Importe | C1: Cuantia | D1: Divisor | E1: Frecuencia | F1: Notas
A2: Social Security | B2: =C2/D2 -> 500 | C2: =500 -> 500 | D2: 1 | E2: Mensual | F2: 2 fundadores
A3: Gestoria | B3: =C3/D3 -> 100 | C3: =100 -> 100 | D3: 1 | E3: Mensual | F3: Impuestos y tramites
A4: AI Tools | B4: =C4/D4 -> 50 | C4: =50 -> 50 | D4: 1 | E4: Mensual | F4: Herramientas IA
A5: Software contabilidad o similar | B5: =C5/D5 -> 50 | C5: =50 -> 50 | D5: 1 | E5: Mensual | F5: Maybe?
A6: Password Manager | B6: =C6/D6 -> 3.3333333 | C6: =40 -> 40 | D6: 12 | E6: Anual | F6: Herramienta seguridad
A7: Dominios | B7: =C7/D7 -> 2.7083333 | C7: =65 -> 65 | D7: 24 | E7: Bienal | F7: notifycal.es + notifycal.com
A8: Mailgun | B8: =C8/D8 -> 10 | C8: 10 | D8: 1 | E8: Mensual | F8: No es fijo pero al ser negligible para simplificar...
A9: GitHub team | B9: =C9/D9 -> 8 | C9: 8 | D9: 1 | E9: Mensual
A10: GitHub Actions extra minutes | B10: =C10/D10 -> 10 | C10: 10 | D10: 1 | E10: Mensual
A11: Sueldo 1 | B11: =2000 -> 2000
A12: Sueldo 2 | B12: =2000 -> 2000
A20: TOTAL menual | B20: =SUM(B2:B19) -> 4734.0417
